 Dungeon Crawl Stone Soup version 0.30-a0-329-g85436e0a43 (webtiles) character file.

Game seed: 1297653594421506350

6493 purpskrrrp the Grappler (level 10, -3/87 HPs)
             Began as a Troll Transmuter on Oct 28, 2022.
             Was a Priest of Cheibriados.
             Slain by a meliai
             ... wielding a +0 hand axe of venom
              (5 damage)
             ... on level 9 of the Dungeon.
             The game lasted 00:19:14 (7354 turns).

purpskrrrp the Grappler (Troll Transmuter)          Turns: 7354, Time: 00:19:15

Health: -3/87      AC: 16    Str: 37    XL:     10   Next: 68%
Magic:  17/18      EV: 11    Int: 16    God:    Cheibriados [***...]
Gold:   532        SH:  0    Dex: 22    Spells: 11/12 levels left

rFire   . . .      SeeInvis .      - Unarmed
rCold   . . .      Faith    +    (no shield)
rNeg    . . .      Spirit   .    a - +2 robe
rPois   .          Reflect  .    (helmet currently unavailable)
rElec   .          Harm     .    i - +1 cloak
rCorr   .          Rampage  .    (gloves unavailable)
Will    .....                    (boots unavailable)
Stlth   ++........               s - amulet of faith
HPRegen 1.14/turn                m - +4 ring of protection
MPRegen 0.16/turn                C - +6 ring of strength

@: lethally poisoned (-3 -> -27), appendages (expiring), marked, very slow
A: horns 2, talons 2, large, unfitting armour, claws 3, regeneration 1, shaggy
fur 1, tough skin 1, iridescent scales 2, agile 1, MP-powered wands
a: End Transformation, Renounce Religion, Bend Time, Temporal Distortion


You were on level 9 of the Dungeon.
You worshipped Cheibriados.
Cheibriados was most pleased with you.
You had temporarily grown beastly horns and talons.
You visited 2 branches of the dungeon, and saw 10 of its levels.

You collected 1186 gold pieces.
You spent 654 gold pieces at shops.

Inventory:

Hand Weapons
 t - a +1 giant spiked club
Armour
 a - a +2 robe (worn)
 c - a scarf of shadows
 i - a +1 cloak (worn)
 l - a +1 hat of willpower (melded)
Jewellery
 m - a +4 ring of protection (left claw)
 s - an amulet of faith (around neck)
 v - a +4 ring of evasion
 C - a +6 ring of strength (right claw)
Wands
 k - a wand of quicksilver (13)
 p - a wand of charming (16)
 u - a wand of flame (18)
 w - a wand of digging (2)
 G - a wand of iceblast (11)
Scrolls
 j - 7 scrolls of teleportation
 y - a scroll of identify
 z - a scroll of fog
 A - 2 scrolls of vulnerability
Potions
 b - 2 potions of lignification
 d - 3 potions of resistance
 e - a potion of magic
 f - a potion of heal wounds
 g - 2 potions of ambrosia
 h - a potion of experience
 n - 2 potions of attraction
 o - 2 potions of haste
 q - a potion of degeneration
 r - a potion of brilliance
 B - 2 potions of flight {unknown}
 F - a potion of cancellation


   Skills:
 + Level 1.9 Fighting
 + Level 2.4 Dodging
 + Level 13.0 Unarmed Combat
 + Level 1.8 Spellcasting
 - Level 1.3 Transmutations
 - Level 12.1 Invocations


You had 11 spell levels left.
You knew the following spells:

 Your Spells              Type           Power      Damage    Failure   Level
a - Beastly Appendage     Tmut           10%        N/A       12%         1

Your spell library contained the following spells:

 Spells                   Type           Power      Damage    Failure   Level
 Wereblood                Tmut           5%         N/A       19%         2
 Magic Dart               Conj           4%         1d3       22%         1
 Necrotise                Necr           4%         1d4       22%         1
 Call Imp                 Summ           1%         N/A       32%         2
 Sublimation of Blood     Necr           1%         N/A       32%         2
 Spider Form              Tmut/Pois      3%         N/A       43%         3
 Mephitic Cloud           Conj/Pois/Air  1%         N/A       54%         3
 Vampiric Draining        Necr           1%         2d6       54%         3
 Ice Form                 Ice/Tmut       3%         N/A       85%         4
 Agony                    Necr           1%         N/A       99%         5
 Summon Hydra             Summ           0%         N/A       100%        7


Dungeon Overview and Level Annotations

Branches:
Dungeon (9/15)             Temple (1/1) D:4
   Lair: D:8-11         Orc: D:9-12

Altars:
Ashenzari
Cheibriados
Dithmenos
Elyvilon
Fedhas
Gozag
Hepliaklqana
Kikubaaqudgha
Makhleb
Nemelex Xobeh
Okawaru
Qazlal
Ru
Sif Muna
Trog
Uskayaw
Vehumet
Wu Jian
Xom
Yredelemnul
Zin
The Shining One

Shops:
D:2 =   D:5 (   D:7 ?   D:8 *(


Innate Abilities, Weirdness & Mutations

You have temporarily grown beastly horns and talons.
You are too large for most types of armour.
You have claws for hands.
Your natural rate of healing is unusually fast.
You are covered in fur. (AC +1)
You have tough skin. (AC +1)
You are mostly covered in iridescent scales. (AC +4)
You are agile. (Dex +4, Str/Int -1)
You expend magic power (3 MP) to strengthen your wands.


Message History

The meliai is almost dead.
You feel sick.
The meliai hits you with a +0 hand axe of venom.
You are more poisoned.
The meliai stings you.
The meliai hits you with a +0 hand axe of venom!
You are more poisoned.
The meliai stings you.
You are more poisoned.
The meliai poisons you!
You scratch the meliai but do no damage.
Your kick misses the meliai. Your headbutt misses the meliai.
The meliai is almost dead.
You feel very sick. The meliai closely misses you.
The meliai stings you but does no damage.
The orc warrior drinks a potion.
The orc warrior suddenly seems more resistant.
You closely miss the meliai. Your kick misses the meliai.
You headbutt the meliai, but do no damage.
The meliai is almost dead.
Your transformation is almost over.
You feel very sick.
The meliai mumbles some strange prayers to its god against you.
Something smites you!
* * * LOW HITPOINT WARNING * * *
The meliai hits you but does no damage.
You are more poisoned.
The meliai barely misses you.
A manticore comes into view.
A shadow comes into view.
You scratch the meliai but do no damage.
Your kick misses the meliai.
The meliai is almost dead.
* * * LOW HITPOINT WARNING * * *
You feel very sick.
The meliai hits you with a +0 hand axe of venom.
* * * LOW HITPOINT WARNING * * *
You are more poisoned.
The meliai stings you.
You die...

#......<.#
####.....##
##.......##
#.........#
+.........+
#.........#
##.......##
##.....##
##@..## ##y##
####o######
#.........#
#.##..###.#
#.#...##
#......#
#.......WH....
#.##>.....##..#


You could see a manticore, an orc warrior (resistant), a shadow and a meliai.

Vanquished Creatures
  Gastronok (D:8)
  Harold (D:9)
  A two-headed ogre (D:8)
  Joseph (D:8)
  2 hornets (D:8)
  A yak (D:9)
  Menkaure (D:5)
  5 water moccasins
  An ice beast (D:7)
  A black bear (D:8)
  A sky beast (D:8)
  5 ogres
  2 centaurs
  A phantom (D:6)
  A necrophage (D:7)
  A bullfrog (D:9)
  A gnoll sergeant (D:8)
  A scorpion (D:6)
  5 wights (D:8)
  6 killer bees (D:9)
  A howler monkey (D:9)
  5 electric eels (D:7)
  A crimson imp (D:5)
  2 jellies
  4 orc priests
  A hound (D:6)
  A gnoll bouda (D:6)
  5 iguanas
  3 orc wizards
  Robin (D:3)
  12 gnolls
  14 adders
  2 shadow imps
  3 white imps
  2 ufetubi (D:4)
  2 worms
  2 dart slugs
  14 orcs
  9 ball pythons
  5 bats
  4 endoplasms
  3 giant cockroaches
  14 goblins
  10 hobgoblins
  2 kobolds
  4 quokkas
  3 frilled lizards
  A goblin skeleton (D:5)
  A goblin zombie (D:5)
  3 hobgoblin zombies (D:5)
  2 kobold skeletons (D:5)
  2 orc skeletons (D:5)
  An orc zombie (D:5)
  3 rats (D:2)
181 creatures vanquished.

Vanquished Creatures (others)
  9 plants
9 creatures vanquished.

Grand Total: 190 creatures vanquished

Notes
Turn   | Place    | Note
-------+----------+-------------------------------------------
     0 | D:1      | purpskrrrp the Troll Transmuter began the quest for the
                  | Orb.
     0 | D:1      | Reached XP level 1. HP: 18/18 MP: 1/1
   105 | D:1      | Reached XP level 2. HP: 26/26 MP: 2/2
   519 | D:2      | Reached skill level 4 in Unarmed Combat
   519 | D:2      | Reached XP level 3. HP: 32/32 MP: 3/3
   595 | D:2      | Found Rymnobb's Jewellery Emporium.
   747 | D:2      | Identified the +9 sling "Demonbane" {flame, Fragile rF+
                  | Will+ Stlth+}
  1066 | D:2      | Reached XP level 4. HP: 16/40 MP: 1/4
  1068 | D:2      | Reached skill level 5 in Unarmed Combat
  1373 | D:3      | Noticed Robin
  1384 | D:3      | Killed Robin
  1839 | D:3      | Found a hide-covered altar of Uskayaw.
  1905 | D:3      | Reached XP level 5. HP: 46/46 MP: 3/5
  2284 | D:4      | Noticed an ogre
  2288 | D:4      | Killed an ogre
  2289 | D:4      | Reached skill level 6 in Unarmed Combat
  2321 | D:4      | Found a broken altar of Ashenzari.
  2567 | D:4      | Reached XP level 6. HP: 52/54 MP: 6/6
  2580 | D:4      | Found a staircase to the Ecumenical Temple.
  2951 | Temple   | Entered the Ecumenical Temple
  3195 | Temple   | Became a worshipper of Cheibriados the Contemplative
  3247 | D:4      | Identified a scroll of acquirement
  3247 | D:4      | Acquired 707 gold pieces
  3250 | D:5      | Entered Level 5 of the Dungeon
  3257 | D:5      | Reached skill level 7 in Unarmed Combat
  3279 | D:5      | Found an iron altar of Okawaru.
  3601 | D:5      | Found a glowing golden altar of the Shining One.
  3620 | D:5      | Reached skill level 8 in Unarmed Combat
  3620 | D:5      | Reached XP level 7. HP: 61/61 MP: 5/7
  3972 | D:5      | Reached * piety under Cheibriados
  4059 | D:5      | Noticed Menkaure
  4065 | D:5      | Killed Menkaure
  4170 | D:5      | Found Vofoesa's Weapon Shop.
  4536 | D:6      | Reached skill level 9 in Unarmed Combat
  4536 | D:6      | Reached skill level 1 in Invocations
  4616 | D:6      | Reached XP level 8. HP: 68/68 MP: 7/9
  4630 | D:6      | Gained mutation: You expend magic power (3 MP) to
                  | strengthen your wands. [potion of mutation]
  4630 | D:6      | Gained mutation: You are partially covered in iridescent
                  | scales. (AC +2) [potion of mutation]
  4630 | D:6      | Gained mutation: You are agile. (Dex +4, Str/Int -1)
                  | [potion of mutation]
  4630 | D:6      | Gained mutation: You are mostly covered in iridescent
                  | scales. (AC +4) [potion of mutation]
  4849 | D:6      | Reached skill level 5 in Invocations
  5337 | D:7      | Reached skill level 10 in Unarmed Combat
  5583 | D:7      | Reached ** piety under Cheibriados
  5690 | D:7      | Identified the +5 falchion of the Scavenger {flame, Fragile
                  | Will+ Int+2}
  5716 | D:7      | Found Jilush's Magic Scroll Shoppe.
  5894 | D:7      | Bought a scroll of identify for 24 gold pieces
  5894 | D:7      | Bought a scroll of fog for 48 gold pieces
  5894 | D:7      | Bought a scroll of vulnerability for 48 gold pieces
  5894 | D:7      | Bought a scroll of enchant armour for 90 gold pieces
  5894 | D:7      | Bought a scroll of identify for 24 gold pieces
  5894 | D:7      | Bought a scroll of identify for 24 gold pieces
  6054 | D:2      | Bought a +6 ring of strength for 396 gold pieces
  6290 | D:7      | Reached XP level 9. HP: 72/74 MP: 13/13
  6448 | D:8      | Identified the +8 whip of Vaott {drain, rN+ rCorr Str-5}
  6454 | D:8      | Noticed Joseph
  6465 | D:8      | Paralysed by a hornet for 3 turns
  6477 | D:8      | Reached skill level 11 in Unarmed Combat
  6493 | D:8      | Killed Joseph
  6576 | D:8      | Noticed Gastronok
  6588 | D:8      | Killed Gastronok
  6589 | D:8      | Reached skill level 12 in Unarmed Combat
  6589 | D:8      | Reached skill level 10 in Invocations
  6589 | D:8      | Reached XP level 10. HP: 21/83 MP: 15/17
  6621 | D:8      | HP: 1/83 [gnoll sergeant/+3 vampiric trident (7)]
  6791 | D:8      | Noticed a two-headed ogre
  6792 | D:8      | Reached *** piety under Cheibriados
  6800 | D:8      | Killed a two-headed ogre
  6892 | D:8      | Found Searono's Serpentskin Sales.
  7009 | D:8      | Found Siot's Antique Weapon Shop.
  7329 | D:9      | Noticed Harold
  7336 | D:9      | Reached skill level 1 in Fighting
  7344 | D:9      | Killed Harold
  7345 | D:9      | Reached skill level 13 in Unarmed Combat
  7353 | D:9      | Noticed a manticore
  7354 | D:9      | HP: 2/87 [meliai/+0 hand axe of venom (6)]
  7354 | D:9      | Slain by a meliai

Illustrated notes

Levels and vault maps discovered:
D:1:      eino_arrival_water_cross, layout_rooms
D:2:      layout_loops_ring, serial_shops, shop,
          amcnicky_mini_rare_corridor_liquid
D:3:      layout_loops_ring, old_standard_altar, uniq_robin
D:4:      layout_loops_ring, mainiacjoe_overflow_paths, temple_hall
D:5:      layout_layer_cave, nicolae_tso_besieged_by_evil, okawaru_trees_2,
          serial_shops, nicolae_shop_bloodbath_and_beyond,
          minmay_manual_monstrance, uniq_menkaure
D:6:      minmay_diamond_boxcup, layout_layer_cave, serial_park_tiny_pond,
          small_statue_intersection
D:7:      layout_gridville, serial_bayou, serial_bayou_shore_b,
          serial_bayou_lagoon_a, serial_bayou_lake_a, serial_bayou_ford_a,
          serial_bayou_pond_d, serial_bayou_crossing, serial_shops,
          nicolae_shop_temple_entry_statues_fountains
D:8:      layout_rooms, serial_shops, kennysheep_mini_moat, guppyfry_shop_venom,
          uniq_joseph, uniq_gastronok
D:9:      cheibrodos_fzero, layout_loops_corners, uniq_harold
Temple:   mainiacjoe_temple_bowtie_tessellation

Skill      XL: |  1  2  3  4  5  6  7  8  9 10 |
---------------+-------------------------------+-----
Unarmed Combat | 4 5 6 8 9 10 12 13 | 13.0
Invocations    | 3 7 10 12 | 12.1
Fighting       | 1 |  1.9
Dodging        | 2 |  2.4
Spellcasting   | |  1.8
Transmutations | |  1.3

Action                   |  1- 3 |  4- 6 |  7- 9 | 10-12 || total
-------------------------+-------+-------+-------+-------++-------
Melee: Unarmed           |    86 |    99 |   179 |    90 ||   454
       Kick              |     6 |    15 |    21 |    21 ||    63
       Punch             |     1 |     3 |     8 |     5 ||    17
       Headbutt          |     2 |    12 |    12 |    10 ||    36
 Cast: Beastly Appendage |    20 |    27 |    27 |    11 ||    85
  Use: Scroll            |     6 |     8 |    13 |     2 ||    29
       Potion            |       |       |     2 |     6 ||     8
 Stab: Sleeping          |       |     1 |       |       ||     1
Armor: Robe              |    44 |    46 |    82 |    73 ||   245
Dodge: Dodged            |    66 |    35 |    71 |    71 ||   243

Table legend: (Time is in decaauts)
 A = Elapsed time spent in this place.
 B = Non-inter-level travel time spent in this place.
 C = Inter-level travel time spent in this place.
 D = Time resting spent in this place.
 E = Time spent auto-exploring this place.
 F = Levels seen in this place.
 G = Mean time per level.
                   A        B        C        D        E       F      G
               +--------+--------+--------+--------+--------+-----+--------+
         Total |   8686 |   7882 |    804 |    332 |   6202 |  10 |  868.6 |
       Dungeon |   8430 |   7678 |    752 |    332 |   6014 |   9 |  936.7 |
        Temple |    256 |    204 |     52 |      0 |    188 |   1 |  256.0 |
               +--------+--------+--------+--------+--------+-----+--------+

Top non-repeatable levels by time:
     D:5: 1520 daAuts
     D:6: 1183 daAuts
     D:7: 1183 daAuts
     D:8: 1101 daAuts
     D:2: 954 daAuts
     D:4: 938 daAuts
     D:3: 875 daAuts
     D:1: 486 daAuts
  Temple: 256 daAuts
     D:9: 185 daAuts
